 Dungeon Crawl Stone Soup version 0.22.1-1-ga44c0e5 (webtiles) character file.

184 inc the Scratcher (level 5, 24/24 HPs)
             Began as a Felid Fighter on Oct 27, 2018.
             Was a Believer of Uskayaw.
             Quit the game on level 4 of the Dungeon.
             The game lasted 00:05:19 (3270 turns).

inc the Scratcher (Felid Fighter)                   Turns: 3270, Time: 00:05:20

Health: 24/24      AC:  2    Str: 14    XL:     5   Next: 36%
Magic:  15/15      EV: 20    Int:  9    God:    Uskayaw [**....]
Gold:   216        SH:  0    Dex: 16    Spells: 4/4 levels left
                                        Lives:  0   Deaths: 1

rFire    . . .     SeeInvis +     - Unarmed
rCold    . . .     Gourm    .   (shield unavailable)
rNeg     . . .     Faith    .   (armour unavailable)
rPois    .         Spirit   .   (helmet unavailable)
rElec    .         Reflect  .   (cloak unavailable)
rCorr    .         Harm     .   (gloves unavailable)
MR       .....                  (boots unavailable)
Stlth    ++........             (no amulet)
HPRegen  0.08/turn              k - ring of magical power
MPRegen  0.14/turn              (no ring)

@: quick
A: very small, no armour, no weapons or thrown items, stealth, claws 1, fangs 3,
see invisible, carnivore, speed 1, shaggy fur 2, slow metabolism 1, sharp paws
a: Stomp, Line Pass, Renounce Religion


You were on level 4 of the Dungeon.
You worshipped Uskayaw.
Uskayaw was noncommittal.
You were not hungry.

You visited 1 branch of the dungeon, and saw 4 of its levels.

You collected 216 gold pieces.

Inventory:

Jewellery
 k - a ring of magical power (left paw)
Scrolls
 c - a scroll of blinking {unknown}
 d - 2 scrolls of remove curse
 e - a scroll of enchant weapon {unknown}
 i - a scroll of fog {unknown}
 l - a scroll of teleportation {unknown}
 n - a scroll of enchant armour {unknown}
 o - a scroll of amnesia {unknown}
 p - 2 scrolls of identify
Potions
 a - 2 potions of might
 f - a potion of heal wounds
 g - 2 potions of haste
 h - a potion of degeneration
 j - 2 potions of resistance {unknown}
 m - a potion of brilliance
 q - a potion of curing {unknown}
 r - a potion of lignification {unknown}
Comestibles
 b - 6 rations


   Skills:
 + Level 3.3 Fighting
 + Level 4.4 Dodging
 - Level 7.4 Unarmed Combat


You had 4 spell levels left.
You didn't know any spells.
Your spell library was empty.

Dungeon Overview and Level Annotations

Branches:
Dungeon (4/15)
 Temple: D:4-7

Altars:
Dithmenos
Fedhas
Gozag
Makhleb
Nemelex Xobeh
Ru
Sif Muna
Uskayaw
Xom
Zin


Innate Abilities, Weirdness & Mutations

You cannot wear armour.
You are incapable of wielding weapons or throwing items.
Your paws allow you to move quietly. (Stealth)
You have sharp claws.
You have razor-sharp teeth.
You have supernaturally acute eyesight. (SInv)
You are carnivorous and can eat meat at any time.
You cover ground quickly.
You are covered in thick fur. (AC +2)
You have a slow metabolism.
Your sharp claws are effective at attacking unaware monsters.


Message History

The orc wizard barely misses you.
The orc wizard gestures at you while chanting.
The puff of flame hits you! The orc misses you.
You don't know any spells.
You barely miss the orc wizard. The orc wizard closely misses you.
Okay, then.
You claw the orc wizard! Your bite misses the orc wizard.
The orc wizard is severely wounded.
The orc wizard misses you.
The orc wizard hits you with a dagger of venom.
You are poisoned.
You feel sick.
You feel sick.
You feel sick.
The orc wizard gestures at you while chanting.
The magic dart hits you!
You die...
You are now level 5!
You rejoin the land of the living...
Are you sure you want to abandon this character and quit the game? (Confirm

+# .# .# ##.##
#@..#
#............#
#.#####...##.#
##.## ##


There were no monsters in sight!

Vanquished Creatures
  An ogre (D:4)
  A phantom (D:3)
  An orc wizard (D:4)
  A worker ant (D:4)
  5 adders
  An ooze (D:3)
  4 worms
  3 dart slugs
  3 leopard geckos
  4 orcs (D:3)
  A ball python (D:2)
  A giant cockroach (D:1)
  6 goblins
  9 hobgoblins
  4 jackals (D:3)
  A quokka (D:3)
  7 bats
  4 frilled lizards
  5 kobolds
  10 rats
72 creatures vanquished.

Notes
Turn   | Place    | Note
-------+----------+-------------------------------------------
     0 | D:1      | inc the Felid Fighter began the quest for the Orb.
     0 | D:1      | Reached XP level 1. HP: 10/10 MP: 2/2
   123 | D:1      | Reached XP level 2. HP: 7/14 MP: 3/3
   942 | D:2      | Found a deep blue altar of Sif Muna.
   942 | D:2      | Found a burning altar of Makhleb.
   943 | D:2      | Found a shimmering altar of Xom.
   945 | D:2      | Reached skill level 5 in Unarmed Combat
   945 | D:2      | Reached XP level 3. HP: 16/17 MP: 4/4
  1009 | D:2      | Found a glowing silver altar of Zin.
  1065 | D:2      | Found a blossoming altar of Fedhas.
  1065 | D:2      | Found a hide-covered altar of Uskayaw.
  1135 | D:2      | Became a worshipper of Uskayaw the Reveler
  1239 | D:2      | Reached * piety under Uskayaw
  1272 | D:2      | Reached ** piety under Uskayaw
  1483 | D:2      | Found an opulent altar of Gozag.
  1651 | D:3      | Reached XP level 4. HP: 16/21 MP: 5/5
  1769 | D:3      | Noticed a phantom
  2091 | D:3      | Reached skill level 6 in Unarmed Combat
  2292 | D:3      | Found a shadowy altar of Dithmenos.
  2379 | D:3      | Killed a phantom
  2379 | D:3      | Reached XP level 5. HP: 15/24 MP: 6/6
  2379 | D:3      | Reached *** piety under Uskayaw
  3064 | D:4      | Noticed an ogre
  3071 | D:4      | Killed an ogre
  3071 | D:4      | Reached skill level 7 in Unarmed Combat
  3071 | D:4      | Gained mutation: You are covered in thick fur. (AC +2)
                  | [Felid growth]
  3071 | D:4      | Reached XP level 6. HP: 28/28 MP: 7/7
  3139 | D:4      | Found a sparkling altar of Nemelex Xobeh.
  3219 | D:4      | Found a sacrificial altar of Ru.
  3269 | D:4      | Killed from afar by an orc wizard
  3270 | D:4      | Reached XP level 5. HP: 0/24 MP: 15/15
  3270 | D:4      | Quit the game

Skill      XL: |  1  2  3  4  5 |
---------------+----------------+-----
Unarmed Combat | 5 6 7 |  7.4
Fighting       | |  3.3
Dodging        | |  4.4

Action                   |  1- 3 |  4- 6 || total
-------------------------+-------+-------++-------
Melee: Unarmed           |    78 |   100 ||   178
       Bite              |     7 |     6 ||    13
       Punch             |       |     2 ||     2
  Use: Scroll            |     5 |       ||     5
 Stab: Sleeping          |    12 |       ||    12
       Distracted        |     1 |       ||     1
  Eat: Chunk             |       |     4 ||     4
Dodge: Dodged            |    44 |    82 ||   126
